AoeStats
← 1250516120

Yucatan

510476124Analyzed
4v4 RM · 2d ago on Oct 1, 2026· 50m 3s· 8 players
Game mode
Random Map
Map size
Large (8 player)
Population
200
Speed
Normal
Resources
Standard
Victory
Conquest
Starting age
Dark Age
Ending age
Imperial Age
RankedLock teamsTeams togetherTeam positionsShared explorationLock speedFull tech treeHidden civsTurbo modeCheats
Victory
Defeat
🇨🇳 Magyars · China
844
+15
🇨🇳 Britons · China
806
+16
🇨🇳 Huns · China
694
+21
🇨🇳 Persians · China
690
+21
🇨🇳 Franks · China
838
-19
🇺🇸 Chinese · United States
821
-19
🇵🇪 Saxons · Peru
815
-19
🇲🇽 Portuguese · Mexico
744
-16
0
1:08 Loom
1:33 Loom
6:42 Loom
15:36 Feudal Age
16:02 Double-Bit Axe
16:11 Gold Mining
16:11 Stone Mining
16:03 Horse Collar
18:57 Wheelbarrow
21:10 Castle Age
22:16 Bow Saw
22:45 Wheelbarrow
22:53 Heavy Plow
23:46 Gold Shaft Mining
23:47 Stone Shaft Mining
24:55 Hand Cart
30:29 Forging
30:24 Scale Barding Armor
33:56 Imperial Age
32:15 Town Watch
32:45 Forging
32:41 Scale Barding Armor
35:19 Iron Casting
35:04 Chain Barding Armor
36:00 Conscription
40:35 Elite War Elephant
42:23 Blast Furnace
41:58 Plate Barding Armor
42:59 Hoardings
44:05 Plate Barding Armor
44:46 Crop Rotation
44:41 Town Patrol
tmqylxbz19
11:27 Feudal Age
18:24 Castle Age
17:41 Double-Bit Axe
20:25 Loom
21:16 Husbandry
22:40 Bow Saw
22:13 Horse Collar
25:54 Heavy Plow
27:21 Bloodlines
28:15 Light Cavalry
29:36 Gold Mining
34:27 Imperial Age
32:00 Fletching
33:53 Thumb Ring
33:52 Padded Archer Armor
33:58 Scale Barding Armor
33:49 Bodkin Arrow
34:40 Ballistics
34:16 Murder Holes
35:23 Wheelbarrow
36:01 Crop Rotation
36:04 Parthian Tactics
36:40 Gold Shaft Mining
36:43 Bracer
38:18 Conscription
37:59 Corvinian Army
38:23 Hand Cart
38:13 Stone Mining
39:01 Heavy Cavalry Archer
41:00 Chemistry
40:45 Chain Barding Armor
40:42 Leather Archer Armor
41:51 Recurve Bow
42:44 Plate Barding Armor
41:42 Elite Magyar Huszar
43:09 Ring Archer Armor
43:38 Hussar
45:29 Hoardings
45:09 Masonry
46:13 Cavalier
49:16 Two-Man Saw
49:50 Siege Engineers
49:57 Paladin
smoke
10:46 Feudal Age
16:54 Castle Age
16:20 Double-Bit Axe
19:25 Wheelbarrow
25:19 Hand Cart
26:47 Bow Saw
26:20 Horse Collar
27:41 Heavy Plow
27:47 Stone Mining
27:47 Gold Mining
28:48 Loom
28:48 Town Watch
33:58 Imperial Age
32:32 Coinage
32:24 Ballistics
32:27 Town Patrol
34:01 Elite Longbowman
35:01 Yeomen
34:42 Warwolf
35:49 Padded Archer Armor
35:39 Fletching
36:53 Chemistry
35:49 Murder Holes
36:30 Banking
35:55 Fishing Lines
37:42 Conscription
37:58 Hoardings
41:42 Leather Archer Armor
41:23 Bodkin Arrow
41:44 Masonry
41:18 Treadmill Crane
1250516120
1:03 Loom
11:56 Feudal Age
12:29 Double-Bit Axe
13:12 Gold Mining
13:12 Stone Mining
16:28 Horse Collar
21:19 Castle Age
23:30 Bow Saw
24:59 Forging
24:59 Scale Barding Armor
25:17 Heavy Plow
25:38 Bloodlines
29:47 Wheelbarrow
28:58 Town Watch
29:22 Husbandry
30:24 Iron Casting
30:45 Marauders
31:43 Gold Shaft Mining
31:40 Chain Barding Armor
36:12 Imperial Age
35:20 Hand Cart
35:09 Town Patrol
37:23 Conscription
37:24 Atheism
38:08 Blast Furnace
39:00 Plate Barding Armor
37:49 Elite Tarkan
42:32 Two-Man Saw
41:26 Fletching
43:40 Guilds
43:41 Bodkin Arrow
43:46 Padded Archer Armor
46:01 Parthian Tactics
45:41 Thumb Ring
StayToxic
11:19 Feudal Age
16:55 Forging
16:51 Scale Barding Armor
16:59 Double-Bit Axe
25:15 Castle Age
24:34 Bloodlines
26:35 Husbandry
27:20 Iron Casting
31:00 Gold Mining
31:05 Stone Mining
36:59 Imperial Age
39:01 Chemistry
38:01 Cavalier
40:14 Wheelbarrow
42:37 Bow Saw
glinesbrandon1
0:40 Loom
13:16 Feudal Age
20:00 Castle Age
20:58 Double-Bit Axe
21:16 Town Watch
31:49 Imperial Age
29:20 Gold Mining
30:44 Forging
30:34 Scale Mail Armor
31:11 Arson
32:09 Bow Saw
32:50 Conscription
35:19 Fletching
35:29 Padded Archer Armor
38:08 Iron Casting
38:44 Elite Fire Lancer
40:47 Ballistics
44:12 Chain Mail Armor
45:00 Bodkin Arrow
45:21 Leather Archer Armor
45:04 Murder Holes
45:42 Elite Skirmisher
46:29 Thumb Ring
46:35 Thumb Ring
Felix
12:52 Feudal Age
13:36 Double-Bit Axe
14:29 Wheelbarrow
22:18 Castle Age
28:05 Gold Mining
29:51 Bow Saw
32:03 Pikeman
34:33 Forging
39:28 Fishing Lines
40:48 Scale Mail Armor
41:23 Iron Casting
43:35 Imperial Age
44:10 Murder Holes
45:17 Chemistry
43:43 Capped Ram
45:37 Chemistry
44:48 Fortified Wall
46:19 Chain Mail Armor
45:35 Halberdier
An
8:03 Loom
12:09 Feudal Age
16:20 Castle Age
14:41 Double-Bit Axe
21:41 Stone Mining
21:42 Gold Mining
24:52 Bow Saw
29:15 Imperial Age
28:16 Wheelbarrow
30:14 Forging
30:09 Scale Barding Armor
30:26 Chivalry
31:57 Gold Shaft Mining
31:39 Cavalier
32:19 Husbandry
33:20 Hand Cart
34:47 Iron Casting
34:32 Chain Barding Armor
34:45 Paladin
43:08 Chemistry
43:54 Blast Furnace
Connection lost

Rejoining the realm…

Still unreachable

The connection could not be restored.

Session expired

The server has moved on; the page needs a fresh start.